 Dungeon Crawl Stone Soup version 0.26.0-18-gc5c842f807 (webtiles) character file.

Game seed: 14189811219058826809

43 Kejsarherre the Firebug (level 3, 0/21 HPs)
             Began as an Octopode Fire Elementalist on Jan 23, 2021.
             Killed from afar by Sigmund (11 damage)
             ... with a puff of flame
             ... on level 2 of the Dungeon.
             The game lasted 00:03:14 (1281 turns).

Kejsarherre the Firebug (OpFE)                      Turns: 1281, Time: 00:03:15

Health: 0/21       AC:  1    Str:  7    XL:     3   Next: 58%
Magic:  6/6        EV: 13    Int: 18    God:
Gold:   51         SH:  0    Dex: 12    Spells: 5/6 levels left

rFire    . . .     SeeInvis .   j - +1 short sword (speed)
rCold    . . .     Faith    .   (no shield)
rNeg     . . .     Spirit   .   (helmet restricted)
rPois    .         Reflect  .   (no amulet)
rElec    .         Harm     .   (no ring)
rCorr    .         Rampage  .   (no ring)
Will     .....                  (no ring)
Stlth    +++.......             (no ring)
HPRegen  0.07/turn              (no ring)
MPRegen  0.10/turn              (no ring)
                                (no ring)
                                (no ring)

@: no status effects
A: almost no armour, stealthy swim, amphibious, 8 rings, constrict 8, camouflage
1, gelatinous body 1
a: no special abilities


You were on level 2 of the Dungeon.
You visited 1 branch of the dungeon, and saw 2 of its levels.

You collected 51 gold pieces.

Inventory:

Hand Weapons
 j - a +1 short sword of speed (weapon)
Jewellery
 i - an uncursed ring of magical power {unknown}
Scrolls
 a - a scroll of identify {unknown}
 c - a scroll of teleportation {unknown}
 d - 4 scrolls of remove curse {unknown}
 e - a scroll of magic mapping {unknown}
Potions
 b - a potion of might {unknown}
 f - a potion of heal wounds {unknown}
 g - 2 potions of curing {unknown}
 h - a potion of mutation {unknown}


   Skills:
 - Level 2.0 Dodging
 - Level 2.6 Stealth
 - Level 2.0 Spellcasting
 + Level 2.4 Conjurations
 + Level 3.8 Fire Magic


You had 5 spell levels left.
You knew the following spells:

 Your Spells              Type           Power        Failure   Level
a - Foxfire               Conj/Fire      52%          4%          1

Your spell library contained the following spells:

 Spells                   Type           Power        Failure   Level
 Conjure Flame            Conj/Fire      13%          16%         3
 Inner Flame              Hex/Fire       8%           26%         3
 Sticky Flame             Conj/Fire      13%          45%         4
 Fireball                 Conj/Fire      6%           80%         5


Dungeon Overview and Level Annotations

Branches:
Dungeon (2/15)

Altars:

Annotations:
D:2 Sigmund, Terence


Innate Abilities, Weirdness & Mutations

You cannot wear most types of armour.
You are very stealthy in the water. (Stealth+)
You are amphibious.
You can wear up to eight rings at the same time.
You can use your tentacles to constrict eight enemies at once.
Your skin changes colour to match your surroundings (Stealth+).
Your rubbery body absorbs attacks. (AC +1, EV +1)


Message History

t - Shout!
Orders for allies: a - Attack new target. r - Retreat! s - Stop attacking. g - Guard the area. f - Follow me.
Anything else - Cancel.
Okay, then.
A goblin comes into view. It is wielding a +0 club.
Found 3 gold pieces and a scroll labelled ZYOR HIAFRITHRO.
The goblin shouts!
The goblin hits you with a +0 club.
You hit the goblin.
You kill the goblin!
Sigmund zaps a wand.
The puff of flame hits you!
Found 10 gold pieces.
Okay, then.
Sigmund zaps a wand.
The puff of flame misses you.
Sigmund points at you and mumbles some strange words.
The puff of flame hits you!
Ouch! That really hurt!
You die...

### ..# #.# #.# #.# #.#
# #.#
#####$############.#####
>......@......@.........
.###..############.#####
#. #.# .. #.# ## #)# ..@
.?.## #####


You could see Sigmund.

Vanquished Creatures
  2 adders (D:2)
  A dart slug (D:1)
  A giant cockroach (D:1)
  7 goblins
  3 jackals (D:2)
  A quokka (D:2)
  2 bats (D:1)
  A frilled lizard (D:1)
  A kobold (D:1)
  4 rats (D:1)
23 creatures vanquished.

Vanquished Creatures (others)
  47 foxfires
47 creatures vanquished.

Grand Total: 70 creatures vanquished

Notes
Turn   | Place    | Note
-------+----------+-------------------------------------------
     0 | D:1      | Kejsarherre the Octopode Fire Elementalist began the quest
                  | for the Orb.
     0 | D:1      | Reached XP level 1. HP: 11/11 MP: 3/3
   241 | D:1      | Reached XP level 2. HP: 6/17 MP: 0/5
   927 | D:2      | Reached XP level 3. HP: 21/21 MP: 3/6
   989 | D:2      | Noticed Terence
  1247 | D:2      | Noticed Sigmund
  1281 | D:2      | Killed from afar by Sigmund

Illustrated notes

Levels and vault maps discovered:
D:1:      tarquinn_simple_flora_water_e, layout_basic
D:2:      layout_basic, uniq_sigmund, uniq_terence

Skill      XL: |  1  2 |
---------------+-------+-----
Conjurations   | 2 |  2.4
Dodging        | |  2.0
Stealth        | |  2.6
Spellcasting   | |  2.0
Fire Magic     | |  3.8

Action                   || total
-------------------------++-------
Melee: Constrict         ||     4
       Dagger            ||     1
       Short sword       ||    17
 Cast: Foxfire           ||    31
Dodge: Dodged            ||    17
